 Dungeon Crawl Stone Soup version 0.31-a0-1620-gcbf77bb (webtiles) character file.

Game seed: 17314900467848992853

51 Dorkslayer the Ducker (level 3, 0/26 HPs)
             Began as an Octopode Fighter on Jan 10, 2024.
             Slain by an adder (3 damage)
             ... on level 1 of the Dungeon.
             The game lasted 00:01:43 (733 turns).

Dorkslayer the Ducker (Octopode Fighter)             Turns: 733, Time: 00:01:44

Health: 0/26       AC:  1    Str: 15    XL:     3   Next: 81%
Magic:  0/3        EV: 13    Int: 10    God:
Gold:   21         SH:  4    Dex: 13    Spells: 2/2 levels left

rFire   . . .        a - +0 long sword
rCold   . . .        b - +0 buckler
rNeg    . . .        (helmet restricted)
rPois   .            h - amulet of guardian spirit
rElec   .            (no ring)
rCorr   .            (no ring)
SInv    .            (no ring)
Will    .....        (no ring)
Stlth   +++          (no ring)
HPRegen 0.24/turn    (no ring)
MPRegen 0.08/turn    (no ring)
                     (no ring)

%: guardian spirit
@: mighty, lethally poisoned (0 -> -4)
A: almost no armour, amphibious, 8 rings, camouflage 1, gelatinous body 1,
(nimble swimmer 1), tentacles
a: no special abilities


You were on level 1 of the Dungeon.
You visited 1 branch of the dungeon, and saw 2 of its levels.

You collected 21 gold pieces.

Inventory:

Hand Weapons
 a - a +0 long sword (weapon)
Armour
 b - a +0 buckler (worn)
Jewellery
 h - an amulet of guardian spirit (around mantle)
Scrolls
 e - a scroll of poison {unknown}
 f - a scroll of teleportation {unknown}
 g - a scroll of revelation {unknown}
 i - a scroll of blinking {unknown}
Potions
 d - a potion of curing


   Skills:
 + Level 3.2 Fighting
 + Level 2.6 Long Blades
 * Level 3.7 Dodging
 + Level 0.8 Stealth
 + Level 3.1 Shields
 * Level 0.6 Unarmed Combat


You had 2 spell levels left.
You didn't know any spells.
Your spell library was empty.

Dungeon Overview and Level Annotations

Branches:
Dungeon (2/15)

Altars:


Innate Abilities, Weirdness & Mutations

You cannot wear most types of armour.
You are amphibious.
You can wear up to eight rings at the same time.
Your skin changes colour to match your surroundings (Stealth+).
Your rubbery body absorbs attacks. (AC +1, EV +1)
((You are camouflaged when in or above water. (Stealth+)))
You have tentacles for arms and can constrict up to eight enemies at once.


Message History

The gnoll attacks as it pursues you! The gnoll closely misses you.
You feel very mighty all of a sudden. The adder bites you.
* * * LOW HITPOINT WARNING * * *
You are poisoned.
The adder poisons you! The adder bites you.
* * * LOW HITPOINT WARNING * * *
You are lethally poisoned!
The adder poisons you! The gnoll barely misses you.
It was a potion of curing.
You feel better. The adder completely misses you.
The gnoll hits you from afar with a +0 spear.
The adder attacks as it pursues you! The adder barely misses you.
You hit the adder. Your grab misses the adder. Your squeeze misses the adder.
The adder is lightly wounded.
The adder bites you.
You are poisoned.
The adder poisons you!
Unknown command.
You feel sick. The adder misses you.
You feel sick. The adder bites you.
* * * LOW HITPOINT WARNING * * *
* * * LOW HITPOINT WARNING * * *
You feel sick.
There is a stone staircase leading up here.
You feel better. The adder bites you. The adder closely misses you.
The adder bites you.
* * * LOW HITPOINT WARNING * * *
You block the adder's attack. The gnoll hits you but does no damage.
You block the adder's attack. The adder closely misses you.
You climb upwards.
There is a stone staircase leading down here.
You closely miss the adder. Your grab misses the adder. The adder bites you.
* * * LOW HITPOINT WARNING * * *
You are lethally poisoned!
The adder poisons you! You block the adder's attack.
You hit the adder. Your grab misses the adder. Your squeeze misses the adder.
The adder is heavily wounded.
* * * LOW HITPOINT WARNING * * *
You feel sick. The adder bites you.
You die...

###.#.#........# #.# #.#
#...#........#.# #.# #.#
#.#####........# #.# #.#
....#.......#.## #.# #.#
###.#.#######.# #.###.## ###...#
#.# #.##.#.##### ##...#### #.#
#...###....#
........#####.####.##.#.###.#####
##...##.........@SS###.###..).÷..
##.#########.####(# #.....#..÷.#
#...........# #.# #####.#.....
#..########## #.# #.....§.
#..#############.#### #.......
#...................####....#.#
###(.##########..................
.....# #.####..####.#.≈... ###.##
#.# #..# #.....#.


You could see 2 adders.

Vanquished Creatures
  Jessica (D:2)
  A dart slug (D:1)
  2 endoplasms (D:1)
  A giant cockroach (D:1)
  5 hobgoblins (D:1)
  2 jackals (D:1)
  A ball python (D:1)
  3 frilled lizards (D:1)
  4 kobolds (D:1)
  2 rats (D:1)
22 creatures vanquished.

Notes
Turn   | Place    | Note
-------+----------+-------------------------------------------
     0 | D:1      | Dorkslayer the Octopode Fighter began the quest for the
                  | Orb.
     0 | D:1      | Reached XP level 1. HP: 16/16 MP: 1/1
   159 | D:1      | Reached XP level 2. HP: 21/21 MP: 2/2
   567 | D:1      | Reached XP level 3. HP: 26/26 MP: 3/3
   690 | D:2      | Noticed Jessica
   696 | D:2      | Killed Jessica
   733 | D:1      | Slain by an adder

Illustrated notes

Levels and vault maps discovered:
D:1:      grunt_arrival_crossed_arrows, layout_loops_ring,
          nicolae_kite_square_tiling_tiny
D:2:      layout_loops_corners, basic_altar, minmay_rat_hole, uniq_jessica,
          uniq_robin

Action                     || total
---------------------------++-------
  Melee: Long sword        ||    59
         Constrict         ||    15
         Tentacles         ||     7
    Use: Potion            ||     3
   Stab: Sleeping          ||     6
 Armour: Skin              ||    39
  Dodge: Dodged            ||    41
  Block: Buckler           ||    13

Table legend: (Time is in decaauts)
 A = Elapsed time spent in this place.
 B = Non-inter-level travel time spent in this place.
 C = Inter-level travel time spent in this place.
 D = Time resting spent in this place.
 E = Time spent auto-exploring this place.
 F = Levels seen in this place.
 G = Mean time per level.
                   A        B        C        D        E       F      G
               +--------+--------+--------+--------+--------+-----+--------+
         Total |    752 |    752 |      0 |     10 |    472 |   2 |  376.0 |
       Dungeon |    752 |    752 |      0 |     10 |    472 |   2 |  376.0 |
               +--------+--------+--------+--------+--------+-----+--------+

Top non-repeatable levels by time:
     D:1: 711 daAuts
     D:2: 41 daAuts
